 Dungeon Crawl Stone Soup version 0.22.1-1-ga44c0e5 (webtiles) character file.

52613 MTVSty1e the Severer (level 14, -12/135 HPs)
             Began as a Minotaur Fighter on Oct 20, 2018.
             Was the Champion of Okawaru.
             Killed by divine providence
             ... invoked by an orc priest
             ... summoned by an orange crystal statue
              (13 damage)
             ... on level 10 of the Dungeon.
             The game lasted 00:30:32 (20847 turns).

MTVSty1e the Severer (Minotaur Fighter)            Turns: 20847, Time: 00:30:33

Health: -12/135    AC: 19    Str: 26    XL:     14   Next: 27%
Magic:  0/20       EV:  4    Int: -24 (10)God:    Okawaru [******]
Gold:   1131       SH:  0    Dex: 15    Spells: 13/13 levels left

rFire    + + +     SeeInvis .   z - +3 broad axe (chop)
rCold    + . .     Gourm    .   G - +2 large shield
rNeg     . . .     Faith    .   F - +1 plate armour
rPois    +         Spirit   .   (helmet restricted)
rElec    .         Reflect  .   E - +0 cloak of Morality {rF+ Dex+5 Stlth+}
rCorr    +         Harm     .   (no gloves)
MR       +....                  C - +2 pair of boots {run}
Stlth    ..........             (no amulet)
HPRegen  0.32/turn              L - ring of Moderation {rCorr rC+ Slay+5}
MPRegen  0.17/turn              J - ring "Awkecuith" {rPois rF++}

@: confused, brilliant, lethally poisoned (-12 -> -19), berserk cooldown,
slowed, lost intelligence, very slow
A: retaliatory headbutt, horns 2
a: Heroism, Finesse, Renounce Religion


You were on level 10 of the Dungeon.
You worshipped Okawaru.
Okawaru was exalted by your worship.
You were very hungry.

You visited 3 branches of the dungeon, and saw 17 of its levels.

You collected 1303 gold pieces.
You spent 172 gold pieces at shops.

Inventory:

Hand Weapons
 q - a +1 hand axe of flaming
 z - a +3 broad axe of chopping (weapon)
 N - the +7 battleaxe "Aczylall" {venom, Str+3 Int+6}
   (You found it on level 5 of the Lair of Beasts)

   It poisons the flesh of those it strikes.
   It affects your strength (+3).
   It affects your intelligence (+6).
Armour
 C - a +2 pair of boots of running (worn)
 E - the +0 cloak of Morality (worn) {rF+ Dex+5 Stlth+}
   (Okawaru gifted it to you on level 2 of the Lair of Beasts)

   It affects your dexterity (+5).
   It protects you from fire.
   It makes you more stealthy.
 F - a +1 plate armour (worn)
 G - a +2 large shield (worn)
Jewellery
 a - a cursed -6 ring of dexterity
 r - an uncursed ring of protection from fire {unknown}
 s - an uncursed ring of protection from cold
 w - an uncursed ring of see invisible
 y - an uncursed amulet of harm
 H - the ring of Elowny {rN+ EV+1 Dex+2}
   (You found it on level 7 of the Dungeon)

   [ring of evasion]

   It affects your evasion (+1).
   It affects your dexterity (+2).
   It protects you from negative energy.
 J - the ring "Awkecuith" (right hand) {rPois rF++}
   (You found it on level 7 of the Dungeon)

   [ring of poison resistance]

   It greatly protects you from fire.
   It protects you from poison.
 K - the ring "Ynkon" {rN+ MP+9}
   (You found it on level 7 of the Dungeon)

   [ring of magical power]

   It protects you from negative energy.
   It affects your magic capacity (+9).
 L - the ring of Moderation (left hand) {rCorr rC+ Slay+5}
   (You found it on level 7 of the Dungeon)

   [ring of resist corrosion]

   It affects your accuracy and damage with ranged weapons and melee attacks
   (+5).
   It protects you from cold.
Wands
 i - a wand of acid (13)
 p - a wand of digging (16)
 v - a wand of random effects (75)
 x - a wand of scattershot (5)
 O - a wand of iceblast (22)
Scrolls
 c - 2 scrolls of blinking
 d - a scroll of fog
 e - 4 scrolls of identify
 g - 2 scrolls of immolation
 l - 20 scrolls of remove curse
 t - 4 scrolls of teleportation
 D - 3 scrolls of enchant weapon
 I - a scroll of enchant armour
 P - a scroll of amnesia
Potions
 b - a potion of magic {unknown}
 h - a potion of heal wounds
 j - 3 potions of haste {unknown}
 k - 2 potions of brilliance
 m - 4 potions of berserk rage
 n - 2 potions of ambrosia
 o - 7 potions of curing
 u - 2 potions of resistance {unknown}
 A - a potion of agility {unknown}
 B - 3 potions of flight {unknown}
 M - a potion of cancellation {unknown}
Comestibles
 f - 10 rations


   Skills:
 + Level 15.2 Fighting
 + Level 19.0 Axes
 + Level 8.9 Armour
 + Level 8.8 Shields
 * Level 9.6 Invocations


You had 13 spell levels left.
You didn't know any spells.
Your spell library contained the following spells:

 Spells                   Type           Power        Failure   Level  Hunger
 Animate Skeleton         Necr           N/A          98%         1    ##.....
 Pain                     Necr           #...         98%         1    ##.....
 Summon Butterflies       Summ           #.......     98%         1    ##.....
 Poisonous Vapours        Pois/Air       #.....       99%         2    ###....
 Call Canine Familiar     Summ           #.......     100%        3    ####...
 Regeneration             Chrm/Necr      #.........   100%        3    ####...
 Vampiric Draining        Necr           #.........   100%        3    ####...
 Animate Dead             Necr           N/A          100%        4    #####..
 Summon Ice Beast         Ice/Summ       #.......     100%        4    #####..
 Summon Demon             Summ           #.........   100%        5    ######.
 Summon Mana Viper        Hex/Summ       #.......     100%        5    ######.
 Summon Hydra             Summ           #.........   100%        7    #######


Dungeon Overview and Level Annotations

Branches:
Dungeon (10/15)            Temple (1/1) D:5            Lair (6/6) D:8
 Shoals (0/4) Lair:2       Spider (0/4) Lair:4        Slime (0/5) Lair:6
    Orc (0/2) D:10

Altars:
Ashenzari
Cheibriados
Dithmenos
Fedhas
Gozag
Hepliaklqana
Kikubaaqudgha
Makhleb
Nemelex Xobeh
Okawaru
Qazlal
Ru
Sif Muna
Trog
Uskayaw
Vehumet
Wu Jian
Xom
Yredelemnul
Zin
The Shining One

Shops:
D:4 !   D:5 [[?(   D:10 }

Annotations:
D:10 1 runed door, exclusion: 3 orange crystal statues
Lair:3 exclusion: oklob plant


Innate Abilities, Weirdness & Mutations

You reflexively headbutt those who attack you in melee.
You have a pair of horns on your head.


Message History

The orange crystal statue glitters.
You resist with almost no effort. The adder bites you.
* * * LOW HITPOINT WARNING * * *
You are more poisoned.
The adder poisons you!
The orange crystal statue glitters.
The orc hits you but does no damage.
Unknown command.
You hit the adder. You headbutt the adder!
You kill the adder!
The adder's corpse dissolves into shadows!
You closely miss the orc.
* * * LOW HITPOINT WARNING * * *
You feel sick.
The orange crystal statue fixes its piercing gaze on you.
You feel dopey. Something feeds on your intellect! The orc barely misses you.
The orc priest invokes the aid of Beogh against you.
Beogh smites you!
You die...

..........................###'###
...............#########..#......
...............#8.....8#..#......
...............#.#...#.#..#......
..............K#.......#..#......
...............'...[...+..#......
...............#Jo.W.W.# #######
...............#o#=..#.#
...............#@oYo.$8#..
.....††........#########..
..........................
......)...................
..........................
..........................
..........................
..........................
..........................


You could see 2 orange crystal statues, a phantom, a hungry ghost, an ice beast,
a jelly, an orc priest and 3 orcs.

Vanquished Creatures
  The ghost of OwlQaeda the Spear-Bearer, a journeyman DrSk of Okawaru (Lair:6)
  6 hydras
  A catoblepas (Lair:6)
  A tengu warrior (D:7)
  8 death yaks
  Nergalle (Lair:2)
  An unseen horror (D:9)
  Pikel (D:4)
  A lindwurm (Lair:6)
  An orange crystal statue (D:10)
  A manticore (Lair:2)
  5 oklob plants
  6 black mambas
  3 elephants
  A torpor snail (Lair:6)
  2 gargoyles
  15 spiny frogs
  4 rime drakes
  A kobold demonologist (D:10)
  10 komodo dragons
  A queen bee (Lair:3)
  Grinder (D:3)
  2 hornets
  10 blink frogs
  A slime creature (D:7)
  11 hippogriffs
  13 dream sheep
  Sigmund (D:2)
  4 wyverns
  3 basilisks
  39 yaks
  A hungry ghost (D:7)
  Menkaure (D:4)
  Edmund (D:5)
  A steam dragon (Lair:3)
  5 water moccasins
  Duvessa (D:5)
  10 porcupines
  3 sky beasts
  3 slaves (D:4)
  9 ice beasts
  5 ogres
  A black bear (D:7)
  3 phantoms
  17 wolves
  5 centaurs
  11 crocodiles
  3 big kobolds
  6 bullfrogs
  A gnoll sergeant (D:8)
  Dowan (D:5)
  6 scorpions
  36 killer bees
  3 howler monkeys
  2 bullfrog zombies
  An electric eel (D:9)
  3 crimson imps
  A centaur zombie (D:5)
  A quasit (D:8)
  4 orc priests
  3 hounds
  7 jellies
  5 iguanas
  Crazy Yiuf (D:3)
  A centaur skeleton (D:8)
  3 orc wizards
  Natasha (thrice) (D:2)
  3 hell rats
  11 worker ants
  A bullfrog simulacrum (D:9)
  3 hound zombies
  A hound skeleton (D:10)
  A worker ant zombie (D:8)
  Robin (D:2)
  7 gnolls
  A howler monkey skeleton (D:7)
  9 adders
  A hound simulacrum (D:9)
  6 shadow imps
  A white imp (D:9)
  6 oozes
  An adder zombie (D:7)
  5 worms
  2 dart slugs
  3 leopard geckos
  21 orcs
  4 ball pythons
  9 giant cockroaches
  14 goblins
  9 hobgoblins
  7 jackals
  10 quokkas
  10 bats
  3 frilled lizards
  15 kobolds
  A leopard gecko skeleton (D:9)
  2 quokka skeletons
  7 rats
  8 fungi
  3 plants
510 creatures vanquished.

Vanquished Creatures (others)
  4 fungi
  2 plants
6 creatures vanquished.

Grand Total: 516 creatures vanquished

Notes
Turn   | Place    | Note
-------+----------+-------------------------------------------
     0 | D:1      | MTVSty1e the Minotaur Fighter began the quest for the Orb.
     0 | D:1      | Reached XP level 1. HP: 19/19 MP: 0/0
     3 | D:1      | Noticed an electric eel
     3 | D:1      | Noticed an electric eel
    65 | D:1      | Reached skill level 3 in Axes
   105 | D:1      | Reached XP level 2. HP: 27/27 MP: 1/1
  1057 | D:2      | Reached XP level 3. HP: 33/33 MP: 2/2
  1057 | D:2      | Noticed Robin
  1061 | D:2      | Reached skill level 4 in Axes
  1260 | D:1      | Reached XP level 4. HP: 36/41 MP: 3/3
  1303 | D:2      | Killed Robin
  1553 | D:2      | Noticed Natasha
  1559 | D:2      | Killed Natasha
  1559 | D:2      | Reached skill level 5 in Axes
  1679 | D:2      | Noticed Natasha
  1685 | D:2      | Killed Natasha
  1685 | D:2      | Reached skill level 5 in Fighting
  1685 | D:2      | Reached XP level 5. HP: 44/48 MP: 4/4
  1800 | D:2      | Noticed Natasha
  1807 | D:2      | Killed Natasha
  1817 | D:2      | Noticed Sigmund
  1841 | D:2      | Killed Sigmund
  1841 | D:2      | Reached skill level 6 in Axes
  1841 | D:2      | Reached XP level 6. HP: 38/57 MP: 5/5
  2402 | D:3      | Found a runed door.
  2491 | D:3      | Noticed Crazy Yiuf
  2502 | D:3      | Killed Crazy Yiuf
  2502 | D:3      | Reached skill level 7 in Axes
  3002 | D:3      | Found an ornate altar of the Wu Jian Council.
  3173 | D:3      | Noticed Grinder
  3181 | D:3      | Paralysed by Grinder for 7 turns
  3199 | D:3      | Killed Grinder
  3199 | D:3      | Reached skill level 8 in Axes
  3199 | D:3      | Reached XP level 7. HP: 29/64 MP: 6/6
  3744 | D:4      | Noticed Menkaure
  3755 | D:4      | Killed Menkaure
  3755 | D:4      | Reached skill level 9 in Axes
  4169 | D:4      | Noticed Pikel
  4185 | D:4      | Killed Pikel
  4185 | D:4      | Reached skill level 10 in Axes
  4185 | D:4      | Reached XP level 8. HP: 14/74 MP: 7/7
  4568 | D:4      | Found Viubept's Distillery.
  5031 | D:4      | Found Jujyud's Magic Scroll Boutique.
  5371 | D:5      | Entered Level 5 of the Dungeon
  5381 | D:5      | Noticed Edmund
  5400 | D:5      | Killed Edmund
  5400 | D:5      | Reached skill level 11 in Axes
  5480 | D:5      | Noticed Duvessa
  5483 | D:5      | Found a staircase to the Ecumenical Temple.
  5483 | D:5      | Noticed Dowan
  5487 | D:5      | Killed Duvessa
  5499 | Temple   | Entered the Ecumenical Temple
  5565 | Temple   | Became a worshipper of Warmaster Okawaru
  5590 | D:5      | Killed Dowan
  5638 | D:5      | Got an ancient broad axe
  5639 | D:5      | Identified the cursed +2 broad axe of Innocence {chop, +Fly
                  | Str-2 Int+9 Stlth+} (You found it on level 5 of the
                  | Dungeon)
  5742 | D:5      | You fall through a shaft for 2 floors!
  5746 | D:7      | Reached XP level 9. HP: 82/82 MP: 8/8
  5976 | D:5      | Found a blossoming altar of Fedhas.
  6012 | D:5      | Found Ethush's Antique Armour Shop.
  6015 | D:5      | Bought a pair of glowing boots for 172 gold pieces
  6020 | D:5      | Identified a +2 pair of boots of running (You bought it in
                  | a shop on level 5 of the Dungeon)
  6210 | D:5      | Found Woofo's Magic Scroll Boutique.
  6282 | D:5      | Reached skill level 12 in Axes
  6585 | D:5      | Found Jafuthou's Antique Armour Shop.
  6715 | D:5      | Reached * piety under Okawaru
  6776 | D:5      | Found Qamit's Weapon Emporium.
  8280 | D:7      | Reached skill level 10 in Fighting
  8280 | D:7      | Noticed a tengu warrior
  8291 | D:7      | Killed a tengu warrior
  8291 | D:7      | Reached skill level 13 in Axes
  8291 | D:7      | Noticed a gargoyle
  8295 | D:7      | Reached ** piety under Okawaru
  8297 | D:7      | Reached XP level 10. HP: 80/94 MP: 9/9
  8308 | D:7      | Killed a gargoyle
  8311 | D:7      | Got a transparent golden ring
  8312 | D:7      | Identified the ring of Elowny {rN+ EV+1 Dex+2} (You found
                  | it on level 7 of the Dungeon)
  8458 | D:7      | Got a heavily runed ivory ring
  8465 | D:7      | Got a shimmering bone ring
  8468 | D:7      | Got a scorched pewter ring
  8481 | D:7      | Reached skill level 14 in Axes
  8573 | D:7      | Found a shadowy altar of Dithmenos.
  9025 | D:7      | Reached *** piety under Okawaru
  9439 | D:8      | Reached skill level 15 in Axes
  9624 | D:8      | Found a staircase to the Lair.
  9645 | D:8      | Reached **** piety under Okawaru
 10286 | D:9      | Reached XP level 11. HP: 99/104 MP: 10/10
 10336 | D:9      | Reached ***** piety under Okawaru
 10365 | D:9      | Reached skill level 16 in Axes
 10718 | D:8      | Identified the ring "Awkecuith" {rPois rF++} (You found it
                  | on level 7 of the Dungeon)
 10719 | D:8      | Identified the ring "Ynkon" {rN+ MP+9} (You found it on
                  | level 7 of the Dungeon)
 10720 | D:8      | Identified the ring of Moderation {rCorr rC+ Slay+5} (You
                  | found it on level 7 of the Dungeon)
 10853 | Lair:1   | Entered Level 1 of the Lair of Beasts
 11358 | Lair:1   | Received a gift from Okawaru
 11381 | Lair:1   | Reached skill level 17 in Axes
 12011 | Lair:2   | Noticed a six-headed hydra
 12020 | Lair:2   | Killed a two-headed hydra
 12038 | Lair:2   | Noticed Nergalle
 12046 | Lair:2   | Killed Nergalle
 12096 | Lair:2   | Reached ****** piety under Okawaru
 12096 | Lair:2   | Reached XP level 12. HP: 99/115 MP: 11/11
 12114 | Lair:2   | Reached skill level 1 in Invocations
 12468 | Lair:2   | Received a gift from Okawaru
 12471 | Lair:2   | Got a shimmering cloak {god gift}
 12482 | Lair:2   | Identified the +0 cloak of Morality {rF+ Dex+5 Stlth+}
                  | (Okawaru gifted it to you on level 2 of the Lair of Beasts)
 12636 | Lair:2   | Found a staircase to the Shoals.
 13697 | Lair:3   | Reached skill level 18 in Axes
 13741 | Lair:3   | Reached skill level 5 in Armour
 13753 | Lair:3   | Reached skill level 5 in Shields
 14370 | Lair:3   | Identified Sif Muna's Almanac of the Virous Escort
 14558 | Lair:3   | Noticed a four-headed hydra
 14565 | Lair:3   | Killed a three-headed hydra
 14565 | Lair:3   | Reached skill level 5 in Invocations
 14869 | Lair:4   | Noticed a death yak
 14869 | Lair:4   | Noticed a death yak
 14869 | Lair:4   | Noticed a death yak
 14869 | Lair:4   | Noticed a death yak
 14869 | Lair:4   | Noticed a death yak
 14877 | Lair:3   | Killed a death yak
 14877 | Lair:3   | Killed a death yak
 15058 | Lair:3   | Killed a death yak
 15062 | Lair:3   | Killed a death yak
 15072 | Lair:4   | Killed a death yak
 15072 | Lair:4   | Reached XP level 13. HP: 87/125 MP: 16/16
 15376 | Lair:4   | Found a hole to the Spider Nest.
 15383 | Lair:4   | Received a gift from Okawaru
 16670 | Lair:5   | Got a bloodstained battleaxe
 16671 | Lair:5   | Identified the +7 battleaxe "Aczylall" {venom, Str+3 Int+6}
                  | (You found it on level 5 of the Lair of Beasts)
 18058 | Lair:6   | Entered Level 6 of the Lair of Beasts
 18509 | Lair:6   | Found a staircase to the Slime Pits.
 18663 | Lair:6   | Received a gift from Okawaru
 18873 | Lair:6   | Reached skill level 15 in Fighting
 18909 | Lair:6   | Reached XP level 14. HP: 95/135 MP: 19/19
 19368 | Lair:6   | Found a runed door.
 19368 | Lair:6   | Noticed OwlQaeda's ghost (journeyman DrSk)
 19651 | Lair:6   | Killed OwlQaeda's ghost
 20238 | D:9      | Found a burning altar of Makhleb.
 20259 | D:10     | Entered Level 10 of the Dungeon
 20278 | D:10     | Found a staircase to the Orcish Mines.
 20325 | D:10     | Found Ecsaweuz's Gadget Shop.
 20417 | D:10     | Reached skill level 19 in Axes
 20510 | D:10     | Found a runed door.
 20733 | D:10     | Found a runed door.
 20743 | D:10     | Found the +10 large shield of Ignorance {rN+ Int-4}
 20745 | D:10     | Lost intelligence.
 20760 | D:10     | Paralysed by a hornet for 2 turns
 20771 | D:10     | Received a gift from Okawaru
 20844 | D:10     | HP: 6/135 [phantom[an orange crystal statue] (3)]
 20847 | D:10     | HP: 1/135 [poisoned by an adder]
 20847 | D:10     | Killed from afar by an orc priest

Skill      XL: |  1  2  3  4  5  6  7  8  9 10 11 12 13 14 |
---------------+-------------------------------------------+-----
Axes           | 3 4 5 6 8 10 11 13 15 17 18 19 | 19.0
Fighting       | 4 5 6 8 10 12 13 14 15 | 15.2
Invocations    | 6 8 9 |  9.6
Armour         | 6 8 |  8.9
Shields        | 6 8 |  8.8

Action                   |  1- 3 |  4- 6 |  7- 9 | 10-12 | 13-15 || total
-------------------------+-------+-------+-------+-------+-------++-------
Melee: War axe           |    66 |   126 |    86 |       |       ||   278
       Headbutt          |    11 |    25 |    40 |   111 |    95 ||   282
       Broad axe         |       |       |   119 |   407 |   328 ||   854
       Hand axe          |       |       |       |    24 |    19 ||    43
Invok: Heroism           |       |       |       |     3 |       ||     3
  Use: Potion            |       |     3 |       |     2 |     8 ||    13
       Scroll            |       |       |     1 |    24 |     4 ||    29
  Eat: Ration            |     1 |     1 |     3 |     8 |     4 ||    17
       Chunk             |       |       |     6 |       |       ||     6
Armor: Scale mail        |    43 |    44 |    52 |       |       ||   139
       Plate armour      |       |       |    26 |   315 |   369 ||   710
Dodge: Dodged            |    37 |    27 |    44 |   100 |    83 ||   291
Block: Shield            |    43 |    60 |    82 |   212 |    24 ||   421
       Large shield      |       |       |       |       |   182 ||   182
